 Dungeon Crawl Stone Soup version 0.28.0-53-g5a82cb258f (webtiles) character file.

Game seed: 4012727204422592358

348788 Dune the Executioner (level 21, -5/202 HPs)
             Began as a Minotaur Berserker on June 7, 2022.
             Was the Champion of Trog.
             Slain by a spark wasp (18 damage)
             ... on level 2 of the Depths on June 8, 2022.
             The game lasted 02:45:08 (50031 turns).

Dune the Executioner (Minotaur Berserker)          Turns: 50031, Time: 02:45:08

Health: -5/202     AC: 35    Str: 29    XL:     21   Next: 24%
Magic:  29/29      EV: 15    Int: 16    God:    Trog [******]
Gold:   2766       SH:  5    Dex: 12    Spells: 20/20 levels left

rFire   . . .      SeeInvis .   O - +7 executioner's axe of Mioze {flame, Will+ rCorr}
rCold   . . .      Faith    .   (shield currently unavailable)
rNeg    . . .      Spirit   .   W - +8 plate armour "Wug Dur" {Harm Regen+ Int+10}
rPois   +          Reflect  +   (helmet restricted)
rElec   .          Harm     +   y - +2 cloak
rCorr   +          Rampage  .   N - +2 pair of gloves
Will    ++++.                   z - +2 pair of boots
Stlth   ..........              k - amulet of reflection
HPRegen 2.23/turn               n - ring of poison resistance
MPRegen 0.21/turn               f - ring "Xinnea" {Fly MP+9}

@: strong-willed, on berserk cooldown, flying, regenerating, studying Evocations
A: horns 2, retaliatory headbutt, deformed body, mutation resistance 1
}: 2/15 runes: decaying, serpentine
a: Renounce Religion, Berserk, Trog's Hand, Brothers in Arms


You were on level 2 of the Depths.
You worshipped Trog.
Trog was exalted by your worship.
You visited 9 branches of the dungeon, and saw 40 of its levels.

You collected 3696 gold pieces.
You spent 930 gold pieces at shops.

Inventory:

Hand Weapons
 O - the +7 executioner's axe of Mioze (weapon) {flame, Will+ rCorr}
   (Trog gifted it to you on level 1 of the Orcish Mines)

   It burns those it strikes, dealing additional fire damage.
   Big, fiery blades are also staple armaments of hydra-hunters.
   rCorr:     It protects you from acid and corrosion.
   Will:      It increases your willpower.
Armour
 y - a +2 cloak (worn)
 z - a +2 pair of boots (worn)
 G - a +0 kite shield of positive energy
 N - a +2 pair of gloves (worn)
 W - the +8 plate armour "Wug Dur" (worn) {Harm Regen+ Int+10}
   (You found it on level 6 of the Lair of Beasts)

   Int:       It affects your intelligence (+10).
   Regen:     It increases your rate of health regeneration.
   Harm:      It increases damage dealt and taken.
Jewellery
 c - a ring of protection from fire
 f - the ring "Xinnea" (right hand) {Fly MP+9}
   (You bought it in a shop on level 3 of the Vaults)

   [ring of magical power]

   MP:        It affects your magic capacity (+9).
   Fly:       It grants you flight.
 h - a +6 ring of dexterity
 j - a ring of resist corrosion
 k - an amulet of reflection (around neck)
 m - the amulet "Jiabb" {rN+ Regen+ Str+3}
   (You found it on level 1 of the Snake Pit)

   [amulet of regeneration]

   Str:       It affects your strength (+3).
   rN:        It protects you from negative energy.
   Regen:     It increases your rate of health regeneration.
 n - a ring of poison resistance (left hand)
 v - the ring "Zec Nydu" {rC+ rN+ Str-5 Dex+6}
   (You found it on level 1 of the Snake Pit)

   [ring of dexterity]

   Str:       It affects your strength (-5).
   Dex:       It affects your dexterity (+6).
   rC:        It protects you from cold.
   rN:        It protects you from negative energy.
 A - a +4 ring of evasion
 C - a ring of willpower
 L - a ring of magical power
 P - an amulet of guardian spirit
 Q - the amulet "Veomuf" {Faith Will- Int+5 Dex+5}
   (You found it on level 4 of the Swamp)

   [amulet of faith]

   It allows you to gain divine favour quickly.
   Int:       It affects your intelligence (+5).
   Dex:       It affects your dexterity (+5).
   Will:      It decreases your willpower.
 V - a +6 ring of strength
Wands
 a - a wand of acid (29)
 r - a wand of mindburst (19)
 t - a wand of digging (15)
 w - a wand of polymorph (28)
 B - a wand of paralysis (17)
 E - a wand of charming (7)
 K - a wand of iceblast (30)
Scrolls
 i - 15 scrolls of teleportation
 o - 7 scrolls of fear
 p - 2 scrolls of holy word
 q - 12 scrolls of identify
 u - 5 scrolls of silence
 x - 10 scrolls of enchant weapon
 D - 2 scrolls of fog
 F - a scroll of brand weapon
 I - 3 scrolls of summoning
 M - 2 scrolls of blinking
 S - 8 scrolls of magic mapping
Potions
 b - 6 potions of berserk rage
 d - 4 potions of lignification
 e - 4 potions of flight
 g - 4 potions of haste
 l - 6 potions of heal wounds
 s - 2 potions of curing
 H - a potion of resistance
 J - 3 potions of ambrosia
 R - 5 potions of cancellation
 T - a potion of invisibility
 U - 2 potions of might


   Skills:
 + Level 20.4 Fighting
 - Level 25.2 Axes
 + Level 23.0 Armour
 + Level 18.7 Dodging
 + Level 12.8 Evocations


You had 20 spell levels left.
You didn't know any spells.
Your spell library was empty.

Dungeon Overview and Level Annotations

Branches:
Dungeon (15/15)            Temple (1/1) D:6            Lair (6/6) D:9
  Swamp (4/4) Lair:3        Snake (4/4) Lair:4        Slime (0/5) Lair:5
    Orc (2/2) D:10            Elf (2/3) Orc:2        Vaults (4/5) D:14
  Crypt (0/3) Vaults:2     Depths (2/4) D:15

Altars:
Ashenzari
Cheibriados
Dithmenos
Elyvilon
Fedhas
Gozag
Hepliaklqana
Kikubaaqudgha
Makhleb
Nemelex Xobeh
Okawaru
Qazlal
Ru
Sif Muna
Trog
Uskayaw
Vehumet
Wu Jian
Xom
Yredelemnul
Zin
The Shining One
Beogh

Shops:
D:1 ([=[?   D:5 =   D:12 (   D:14 (   Orc:2 :(**[   Elf:1 *   Elf:2 **
Snake:2 (??(   Vaults:2 [   Vaults:3 =[   Depths:1 *

Portals:
Hell: Depths:1 Depths:2
Trove: Vaults:1 (give 19 potions of curing)

Annotations:
D:13 1 runed translucent door
Elf:1 1 runed translucent door


Innate Abilities, Weirdness & Mutations

You have a pair of horns on your head.
You reflexively headbutt those who attack you in melee.
Armour fits poorly on your strangely shaped body.
You are somewhat resistant to further mutation.


Message History

A spark wasp comes into view.
The spark wasp buzzes angrily.
You hear an angry buzzing noise.
A spark wasp comes into view.
The spark wasp buzzes angrily.
The spark wasp bursts into living lightning!
The living lightning hits you!
The spark wasp blinks! x2
The spark wasp stings you. The spark wasp shocks you!
You are too injured to fight recklessly!
You are too injured to fight recklessly!
You are too injured to fight recklessly!
You are too injured to fight recklessly!
Unknown command.
You are too injured to fight recklessly!
You are too injured to fight recklessly!
You are too injured to fight recklessly!
You are too injured to fight recklessly!
You cut the spark wasp into ribbons!!! You burn the spark wasp!!
You kill the spark wasp!
Trog accepts your kill.
You miss the spark wasp.
You hear a shout!
The spark wasp stings you but does no damage.
The spark wasp stings you! The spark wasp shocks you!
You barely miss the spark wasp. The spark wasp stings you!
* * * LOW HITPOINT WARNING * * *
The spark wasp shocks you!
* * * LOW HITPOINT WARNING * * *
You barely miss the spark wasp.
You feel yourself speed up.
The spark wasp stings you but does no damage.
The spark wasp stings you.
* * * LOW HITPOINT WARNING * * *
The spark wasp shocks you!
* * * LOW HITPOINT WARNING * * *
You miss the spark wasp. You headbutt the spark wasp.
The spark wasp is lightly wounded.
The spark wasp stings you!
* * * LOW HITPOINT WARNING * * *
The spark wasp shocks you!
You die...

#.##.......†††.......
#.###....≈≈≈≈≈≈≈.....
#.# #...≈≈##≈##≈≈.=..
#.# #...≈##### ∩≈....
#.# ##..≈## #≈....
#.# #..≈∩# ## ≈..[.
#.# #..≈≈##≈##≈≈...#
#.# ##..≈≈≈≈≈≈≈.....
#.# #..@†......
#.######[.y.....#
#.......†......##
######...........
#.#......##.
#.####.### #.# .|#
#.# ### #. #.# ##...


You could see a spark wasp.

Vanquished Creatures
  A lich (Depths:1)
  Asterion (Vaults:2)
  Mlioglotl (Swamp:2)
  A deep elf blademaster (Elf:2)
  2 quicksilver dragons (Snake:4)
  3 sphinxes
  Agnes (D:15)
  Kirke (Lair:6)
  A shadow dragon (Vaults:3)
  A tengu reaver (Vaults:3)
  The ghost of slugheadthewise the Protected, an adept MiFi of Ru (Elf:2)
  4 nagarajas
  A fenstrider witch (Swamp:4)
  A deep elf sorcerer (Elf:1)
  Roxanne (D:15)
  4 emperor scorpions (D:13)
  Aizul (Snake:4)
  A frost giant (Depths:1)
  An orc warlord (Orc:2)
  5 vault wardens
  2 deep elf elementalists
  2 ghost moths (D:13)
  2 war gargoyles
  5 ironbound thunderhulks
  2 very ugly things (Depths:2)
  15 ironbound preservers
  6 stone giants
  A deep elf demonologist (Elf:2)
  A bunyip (Swamp:1)
  6 eleionomae
  2 spark wasps (Depths:2)
  The ghost of Ceyroiss the Quickloader, a journeyman HuWn of Dithmenos (Lair:4)
  2 deep elf annihilators (Elf:1)
  Azrael (D:15)
  14 dire elephants
  An entropy weaver (Vaults:4)
  A crystal guardian (Vaults:3)
  A blizzard demon (Depths:2)
  Snorg (Lair:3)
  3 ettins
  2 fire dragons
  7 yaktaur captains
  2 great orbs of eyes (Vaults:3)
  5 ice dragons
  2 boulder beetles
  8 naga warriors
  4 centaur warriors
  19 hydras
  3 peacekeepers
  3 vault guards
  2 ogre magi
  A spriggan air mage (Depths:2)
  5 salamander tyrants
  4 anacondas
  A death knight (D:15)
  12 ironbound frosthearts
  10 two-headed ogres
  23 dancing weapons
  5 alligators
  A tengu warrior (D:15)
  2 deep troll shamans
  4 deep troll earth magi
  8 orc high priests
  15 naga sharpshooters
  4 spriggan berserkers
  13 death yaks
  6 shock serpents
  14 deep elf knights
  A sun demon (Depths:1)
  Sonja (Lair:4)
  A fire crab (shapeshifter) (Depths:1)
  5 hell knights (Depths:1)
  10 skeletal warriors
  4 salamander mystics
  4 goliath frogs
  3 iron trolls
  2 sea snakes (D:13)
  46 deep trolls
  2 spriggan druids
  5 naga ritualists
  9 swamp dragons
  3 deep elf archers (Elf:2)
  7 harpies
  8 ironbound convokers
  10 bog bodies
  2 necromancers
  5 wizards
  4 phantasmal warriors
  A tengu zombie (Vaults:2)
  10 lindwurms
  12 mana vipers
  29 deep elf pyromancers
  An orc knight (Orc:2)
  15 deep elf zephyrmancers
  A stone giant zombie (Vaults:2)
  7 oklob plants
  An orc sorcerer (Orc:2)
  6 wolf spiders
  2 manticores
  A will-o-the-wisp (Swamp:4)
  16 salamanders
  36 ugly things
  6 cyclopes
  11 vault sentinels
  A cyclops (shapeshifter) (Depths:2)
  26 naga magi
  10 elephants
  33 black mambas
  A human skeleton (Vaults:2)
  Maggie (D:6)
  17 cane toads
  3 gargoyles
  7 guardian serpents
  15 yaktaurs
  4 unseen horrors
  3 kobold demonologists (D:11)
  7 komodo dragons
  A freezing wraith (D:15)
  2 tengu conjurers
  A queen bee (D:10)
  5 meliai
  5 trolls
  9 tyrant leeches
  Prince Ribbit (D:8)
  7 polar bears
  25 slime creatures
  30 hornets
  4 blink frogs (Lair:2)
  A dream sheep (Lair:6)
  Sigmund (D:6)
  2 shadows
  44 yaks
  27 spriggans
  2 air elementals
  A wyvern (Lair:4)
  2 water elementals (Elf:2)
  3 hogs (Lair:6)
  3 basilisks
  A human (shapeshifter) (Depths:2)
  4 wraiths
  6 fire elementals
  10 vampire mosquitoes
  A steam dragon (D:8)
  16 wargs
  14 swamp worms
  32 nagas
  A two-headed ogre zombie (D:10)
  2 acid dragons
  14 water moccasins
  Duvessa (D:6)
  The ghost of Infinimo the Cudgeller, an amateur OgGl (D:3)
  3 ice beasts
  25 orc warriors
  16 black bears
  A hornet zombie (D:5)
  9 swamp drakes
  2 sky beasts
  3 necrophages (D:5)
  9 ogres
  A human zombie (Vaults:2)
  23 wolves
  7 boggarts
  11 centaurs
  2 phantoms
  5 kobold brigands
  13 bullfrogs
  An earth elemental (Elf:2)
  A gnoll sergeant (D:11)
  2 wyvern zombies (D:5)
  5 scorpions
  A wyvern skeleton (D:5)
  Dowan (D:6)
  A troll zombie (D:10)
  28 killer bees
  5 wights (D:9)
  3 vampire bats (Orc:1)
  An electric eel (Lair:1)
  A howler monkey (D:9)
  3 centaur zombies
  A bullfrog zombie (D:5)
  2 centaur skeletons
  A jelly (D:5)
  37 orc priests
  6 hounds
  Jessica (D:3)
  3 bullfrog skeletons (D:5)
  22 orc wizards
  13 iguanas
  7 hell rats (Lair:5)
  6 ogre zombies (D:10)
  A hound zombie (D:5)
  4 howler monkey zombies
  4 gnolls (D:11)
  3 howler monkey skeletons
  13 adders
  A shadow imp (D:7)
  2 white imps
  3 ufetubi
  An adder zombie (D:5)
  3 dart slugs
  89 orcs
  7 endoplasms
  4 giant cockroaches
  8 goblins
  2 hobgoblins
  3 jackals (D:2)
  28 kobolds
  3 quokkas
  6 ball pythons
  8 bats
  A frilled lizard (D:2)
  3 goblin skeletons (D:10)
  3 goblin zombies (D:10)
  2 hobgoblin zombies (D:10)
  2 orc skeletons (D:10)
  15 orc zombies (D:10)
  6 rats
  A fungus (D:14)
  A plant (Lair:4)
1490 creatures vanquished.

Vanquished Creatures (collateral kills)
  the Lernaean hydra (Swamp:4)
  Vashnia (Snake:3)
  An orc warlord (Vaults:3)
  A vault warden (Vaults:3)
  2 ironbound thunderhulks (Vaults:3)
  An eleionoma (Swamp:2)
  A two-headed ogre (D:15)
  A shock serpent (Snake:4)
  2 orc knights (Vaults:3)
  2 deep elf zephyrmancers (Elf:1)
  A cyclops (D:8)
  A black mamba (Snake:4)
  2 yaktaurs (Vaults:3)
  A queen bee (Lair:4)
  A troll (D:9)
  A spriggan (Lair:6)
  2 wyverns (D:9)
  A naga (Snake:1)
  An acid dragon (D:9)
  An orc warrior (Orc:2)
  A centaur (D:9)
  A bullfrog (D:8)
27 creatures vanquished.

Vanquished Creatures (others)
  A dancing weapon (Elf:1)
  A shock serpent (Snake:1)
  A wizard (Vaults:4)
  2 deep elf pyromancers (Elf:1)
  A mana viper (Snake:1)
  2 bloated husks
  A human (Lair:6)
  A naga (Snake:2)
  An orc (Orc:2)
  A bush (Lair:6)
  11 foxfires (Swamp:4)
  40 fungi
  42 plants
105 creatures vanquished.

Grand Total: 1622 creatures vanquished

Notes
Turn   | Place    | Note
-------+----------+-------------------------------------------
     0 | D:1      | Dune the Minotaur Berserker began the quest for the Orb.
     0 | D:1      | Reached XP level 1. HP: 19/19 MP: 0/0
     6 | D:1      | Noticed a hog
     6 | D:1      | Noticed a black bear
     6 | D:1      | Noticed a swamp worm
     8 | D:1      | Noticed an iguana
     8 | D:1      | Noticed a seven-headed hydra
    42 | D:1      | Found Piga's Magic Scroll Shoppe.
    99 | D:1      | Found Guipnush's Armour Shop.
   146 | D:1      | Found Qiudutov's Weapon Emporium.
   176 | D:1      | Reached skill level 4 in Axes
   289 | D:1      | Found Tex Kibrebb's Jewellery Emporium.
   308 | D:1      | Reached XP level 2. HP: 20/27 MP: 1/1
   439 | D:1      | Found Qoghimnegg's Armour Boutique.
   786 | D:2      | Reached skill level 5 in Axes
   786 | D:2      | Reached XP level 3. HP: 17/33 MP: 2/2
  1898 | D:3      | Reached ** piety under Trog
  1899 | D:3      | Reached skill level 6 in Axes
  1899 | D:3      | Reached XP level 4. HP: 32/40 MP: 3/3
  1968 | D:3      | Found a stormy altar of Qazlal.
  1968 | D:3      | Noticed an air elemental
  1971 | D:3      | Noticed a fire elemental
  1971 | D:3      | Noticed a water elemental
  1971 | D:3      | Noticed an earth elemental
  2228 | D:3      | HP: 3/60 [poisoned by an adder]
  2563 | D:3      | Noticed Jessica
  2572 | D:3      | Killed Jessica
  2682 | D:3      | Found a faded altar of an unknown god.
  2746 | D:3      | Reached XP level 5. HP: 44/46 MP: 4/4
  2960 | D:3      | Found a runed translucent door.
  2960 | D:3      | Noticed Infinimo's ghost (amateur OgGl)
  3254 | D:3      | Killed Infinimo's ghost
  3255 | D:3      | Reached skill level 7 in Axes
  3302 | D:4      | Reached skill level 8 in Axes
  3302 | D:4      | Reached XP level 6. HP: 30/52 MP: 5/5
  4227 | D:4      | Reached skill level 9 in Axes
  4455 | D:5      | Entered Level 5 of the Dungeon
  4547 | D:5      | Reached XP level 7. HP: 28/58 MP: 6/6
  4758 | D:5      | Reached skill level 10 in Axes
  4778 | D:5      | Noticed a wraith
  4790 | D:5      | Killed a wraith
  4846 | D:5      | Reached skill level 11 in Axes
  5046 | D:5      | Found Jiwkuz's Jewellery Emporium.
  5063 | D:5      | Found a glowing golden altar of the Shining One.
  5074 | D:5      | Reached XP level 8. HP: 66/66 MP: 7/7
  5074 | D:5      | Found a bloodstained altar of Trog.
  5183 | D:5      | Reached skill level 12 in Axes
  5440 | D:5      | Reached skill level 13 in Axes
  5921 | D:5      | Reached skill level 14 in Axes
  5935 | D:5      | Identified the +2 battleaxe of Classification {venom,
                  | Int+3}
  6066 | D:5      | Found a snail-covered altar of Cheibriados.
  6066 | D:5      | Found a burning altar of Makhleb.
  6073 | D:5      | Found a basalt altar of Yredelemnul.
  6075 | D:5      | Found a blossoming altar of Fedhas.
  6077 | D:5      | Found a shadowy altar of Dithmenos.
  6115 | D:6      | Reached XP level 9. HP: 71/71 MP: 8/8
  6200 | D:6      | Reached *** piety under Trog
  6205 | D:6      | Noticed Duvessa
  6205 | D:6      | Noticed Dowan
  6213 | D:6      | Killed Duvessa
  6218 | D:6      | Killed Dowan
  6279 | D:6      | Noticed Maggie
  6289 | D:6      | Killed Maggie
  6290 | D:6      | Reached skill level 15 in Axes
  6400 | D:6      | Noticed Sigmund
  6409 | D:6      | Killed Sigmund
  6693 | D:6      | Found a staircase to the Ecumenical Temple.
  7357 | D:7      | Reached skill level 16 in Axes
  7752 | D:7      | Found an ornate altar of the Wu Jian Council.
  7939 | D:7      | Reached skill level 17 in Axes
  8163 | D:7      | Reached XP level 10. HP: 73/78 MP: 9/9
  8466 | D:8      | Noticed Prince Ribbit
  8473 | D:8      | Reached **** piety under Trog
  8475 | D:8      | Killed Prince Ribbit
  8759 | D:8      | Noticed a cyclops
  8772 | D:8      | Killed a cyclops
  8773 | D:8      | Reached skill level 18 in Axes
  9111 | D:8      | Noticed a two-headed ogre
  9119 | D:8      | Killed a two-headed ogre
  9483 | D:8      | Identified the +1 ring mail "Hummiqu" {rC+ Int+3}
 10103 | D:9      | Reached skill level 19 in Axes
 10396 | D:9      | Found a staircase to the Lair.
 10572 | D:9      | Identified the +0 scale mail of the Arcane {rCorr Str-3
                  | Dex+4}
 10711 | D:9      | Noticed a deep elf pyromancer
 10731 | D:9      | Reached XP level 11. HP: 24/83 MP: 10/10
 10756 | D:9      | Killed a deep elf pyromancer
 10757 | D:9      | Reached skill level 20 in Axes
 10947 | D:9      | Noticed a two-headed ogre
 11008 | D:9      | Killed a two-headed ogre
 11545 | D:10     | Entered Level 10 of the Dungeon
 11906 | D:10     | Found a sacrificial altar of Ru.
 12715 | D:10     | Found a staircase to the Orcish Mines.
 12831 | D:10     | Reached skill level 5 in Armour
 12850 | D:10     | Reached skill level 5 in Fighting
 12862 | D:10     | Reached ***** piety under Trog
 13665 | D:11     | Reached skill level 5 in Dodging
 13973 | Lair:1   | Entered Level 1 of the Lair of Beasts
 14015 | Lair:1   | Reached XP level 12. HP: 83/97 MP: 11/11
 14635 | Lair:1   | Identified the ring "Keup Lea" {Wiz Dex+3}
 15635 | Lair:2   | Found an iron altar of Okawaru.
 15919 | Lair:2   | Noticed a death yak
 15922 | Lair:2   | Reached skill level 10 in Armour
 15924 | Lair:2   | Noticed a death yak
 15926 | Lair:2   | Noticed a death yak
 15927 | Lair:2   | Noticed a death yak
 15934 | Lair:1   | Killed a death yak
 15946 | Lair:1   | Killed a death yak
 15949 | Lair:1   | Killed a death yak
 16203 | Lair:2   | Killed a death yak
 17206 | Lair:3   | Noticed Snorg
 17232 | Lair:3   | Killed Snorg
 17290 | Lair:3   | Found the +10 morningstar "Eos" {elec, Halo rElec}
 17538 | Lair:3   | Received a gift from Trog
 17720 | Lair:3   | Found a staircase to the Swamp.
 17720 | Lair:3   | Noticed a four-headed hydra
 17726 | Lair:3   | Reached XP level 13. HP: 111/111 MP: 12/12
 18252 | Lair:4   | Noticed Ceyroiss's ghost (journeyman HuWn)
 18281 | Lair:4   | Found a transporter.
 18284 | Lair:4   | Found a transporter.
 18351 | Lair:4   | Found a staircase to the Snake Pit.
 18374 | Lair:4   | Noticed Sonja
 18402 | Lair:4   | Killed Sonja
 19050 | Lair:4   | Found a bloodstained altar of Trog.
 19055 | Lair:4   | You fall into a shaft and drop 2 floors!
 19055 | Lair:6   | Entered Level 6 of the Lair of Beasts
 19118 | Lair:6   | Reached skill level 10 in Fighting
 19529 | Lair:6   | Noticed Kirke
 19540 | Lair:6   | Killed Kirke
 19735 | Lair:6   | Reached XP level 14. HP: 91/124 MP: 13/13
 19772 | Lair:6   | Reached skill level 10 in Dodging
 19958 | Lair:6   | Identified the +8 plate armour "Wug Dur" {Harm Regen+
                  | Int+10}
 20149 | Lair:6   | Reached skill level 15 in Armour
 21804 | Lair:5   | Found a staircase to the Slime Pits.
 22562 | Lair:4   | Killed Ceyroiss's ghost
 22637 | Lair:4   | Identified the +7 bardiche of the Exiled Mice {pain, Str+2}
 22946 | D:12     | Found Zoubb's Weapon Boutique.
 24002 | D:13     | Noticed an emperor scorpion
 24003 | D:13     | Noticed an emperor scorpion
 24003 | D:13     | Noticed an emperor scorpion
 24006 | D:13     | Found a runed translucent gate.
 24009 | D:13     | Found a runed translucent door.
 24203 | D:13     | Found a runed translucent gate.
 24255 | D:13     | Found the +9 staff of Olgreb {rPois∞}
 24260 | D:13     | Found a runed translucent door.
 24298 | D:13     | Noticed an emperor scorpion
 24345 | D:13     | Reached XP level 15. HP: 96/135 MP: 14/14
 24443 | D:13     | Found a runed translucent gate.
 24652 | D:14     | Found a blossoming altar of Fedhas.
 24674 | D:14     | Found a shimmering altar of Xom.
 24970 | D:14     | Found a gate to the Vaults.
 25030 | D:14     | Found Nyut's Weapon Shop.
 25334 | D:15     | Entered Level 15 of the Dungeon
 25337 | D:15     | Paralysed by an ogre mage for 5 turns
 25507 | D:15     | HP: 4/138 [death knight/+1 glaive (24)]
 25578 | D:15     | Found a staircase to the Depths.
 26010 | D:15     | Found a sparkling altar of Nemelex Xobeh.
 26112 | D:15     | Noticed Azrael
 26128 | D:15     | Killed Azrael
 26300 | D:15     | Identified Roxanne's Handbook of Moulding
 26300 | D:15     | Noticed Roxanne
 26378 | D:15     | Noticed Agnes
 26382 | D:15     | Killed Agnes
 26795 | Orc:1    | Entered Level 1 of the Orcish Mines
 26925 | Orc:1    | Identified the +7 executioner's axe of Mioze {flame, Will+
                  | rCorr} (Trog gifted it to you on level 1 of the Orcish
                  | Mines)
 26925 | Orc:1    | Received a gift from Trog
 27038 | Orc:2    | Entered Level 2 of the Orcish Mines
 27038 | Orc:2    | Noticed an orc warlord
 27038 | Orc:2    | Found a staircase to the Elven Halls.
 27094 | Orc:2    | Found Uwaghec's Antique Armour Shoppe.
 27421 | Orc:2    | Killed an orc warlord
 27718 | Orc:2    | Received a gift from Trog
 27855 | Orc:2    | Reached skill level 15 in Fighting
 28052 | Orc:2    | Found Dayguu Fime's Assorted Antiques.
 28052 | Orc:2    | Found Dorpheew's General Store.
 28095 | Orc:2    | Bought a scroll labelled BUGOPNU ROEMN for 30 gold pieces
 28141 | Orc:2    | Found Xiwuaz's Antique Weapon Shoppe.
 28141 | Orc:2    | Found Iceeh's Book Shop.
 28767 | Swamp:1  | Entered Level 1 of the Swamp
 28822 | Swamp:1  | Reached XP level 16. HP: 115/149 MP: 15/15
 29100 | Swamp:1  | Reached skill level 1 in Evocations
 29158 | Swamp:1  | Received a gift from Trog
 29600 | Swamp:2  | Noticed Mlioglotl
 29699 | Swamp:2  | Noticed a tentacled starspawn
 29699 | Swamp:2  | Killed Mlioglotl
 31581 | Swamp:4  | Entered Level 4 of the Swamp
 32009 | Swamp:4  | Reached skill level 5 in Evocations
 32128 | Swamp:4  | Paralysed by a fenstrider witch for 3 turns
 32282 | Swamp:4  | Reached XP level 17. HP: 148/158 MP: 16/16
 32325 | Swamp:4  | Reached skill level 21 in Axes
 32373 | Swamp:4  | Identified the amulet "Veomuf" {Faith Will- Int+5 Dex+5}
 32379 | Swamp:4  | Noticed the 27-headed Lernaean hydra
 32594 | Swamp:4  | Killed the 27-headed Lernaean hydra
 32609 | Swamp:4  | Got a decaying rune of Zot
 32826 | Snake:1  | Entered Level 1 of the Snake Pit
 32870 | Snake:1  | Reached skill level 15 in Dodging
 33227 | Snake:1  | Identified the +6 shortbow "Culemon" {flame, rPois rC-
                  | rCorr}
 33404 | Snake:1  | Found a transporter.
 33491 | Snake:1  | Received a gift from Trog
 33617 | Snake:1  | Found a transporter.
 33931 | Snake:1  | Gained mutation: You are somewhat resistant to further
                  | mutation. [mutagenic glow]
 33945 | Snake:1  | Gained mutation: Armour fits poorly on your strangely
                  | shaped body. [mutagenic glow]
 33947 | Snake:1  | Noticed a Hell Sentinel
 33961 | Snake:1  | Identified the amulet "Jiabb" {rN+ Regen+ Str+3}
 33981 | Snake:1  | Identified the ring "Zec Nydu" {rC+ rN+ Str-5 Dex+6}
 34244 | Snake:2  | Found Tenoz's Weapon Shop.
 34248 | Snake:2  | Found Leploi's Magic Scroll Boutique.
 34248 | Snake:2  | Found Goti's Magic Scroll Shop.
 34251 | Snake:2  | Found Tuahuthro's Weapon Boutique.
 34269 | Snake:2  | Bought a scroll of enchant weapon for 135 gold pieces
 34269 | Snake:2  | Bought a scroll of enchant armour for 135 gold pieces
 34281 | Snake:2  | Bought a scroll of teleportation for 45 gold pieces
 34281 | Snake:2  | Bought a scroll of teleportation for 45 gold pieces
 34281 | Snake:2  | Bought a scroll of summoning for 142 gold pieces
 34759 | Snake:2  | Found a snail-covered altar of Cheibriados.
 36086 | Snake:3  | Noticed Vashnia
 36234 | Snake:3  | Killed Vashnia
 36235 | Snake:3  | Reached skill level 22 in Axes
 36715 | Snake:4  | Entered Level 4 of the Snake Pit
 36756 | Snake:4  | Received a gift from Trog
 36785 | Snake:4  | Reached XP level 18. HP: 143/170 MP: 17/17
 37012 | Snake:4  | Noticed Aizul
 37050 | Snake:4  | Killed Aizul
 37153 | Snake:4  | Identified the +12 rapier "Embalmer" {drain, rC+ rN+ Str+2}
 37946 | Snake:4  | Got a serpentine rune of Zot
 38413 | D:15     | Killed Roxanne
 39301 | Temple   | Entered the Ecumenical Temple
 39565 | Vaults:1 | Entered Level 1 of the Vaults
 39602 | Vaults:1 | Found a portal to a secret trove of treasure.
 39620 | Vaults:1 | Reached skill level 23 in Axes
 40510 | Vaults:1 | Received a gift from Trog
 41321 | Vaults:2 | Found a staircase to the Crypt.
 41321 | Vaults:2 | Found an ancient bone altar of Kikubaaqudgha.
 41321 | Vaults:2 | Found a basalt altar of Yredelemnul.
 41477 | Vaults:2 | Reached XP level 19. HP: 179/179 MP: 18/18
 41671 | Vaults:2 | Noticed Asterion
 41679 | Vaults:2 | Killed Asterion
 41789 | Vaults:2 | Reached ****** piety under Trog
 41895 | Vaults:2 | Received a gift from Trog
 42329 | Vaults:2 | Found Saqaphui's Antique Armour Shop.
 42520 | Vaults:3 | Found Buamal's Jewellery Boutique.
 42527 | Vaults:3 | Bought the ring "Xinnea" {Fly MP+9} for 378 gold pieces
 42815 | Vaults:3 | Reached skill level 24 in Axes
 43022 | Vaults:3 | Found Ikadiost's Armour Boutique.
 44201 | Vaults:3 | Received a gift from Trog
 44391 | Vaults:4 | Reached skill level 10 in Evocations
 44393 | Vaults:4 | Reached XP level 20. HP: 188/191 MP: 19/19
 45001 | Vaults:4 | Reached skill level 25 in Axes
 45892 | Elf:1    | Entered Level 1 of the Elven Halls
 45892 | Elf:1    | Found a runed translucent gate.
 45892 | Elf:1    | Found a runed translucent gate.
 45892 | Elf:1    | Found a runed translucent gate.
 45892 | Elf:1    | Found a runed translucent gate.
 45892 | Elf:1    | Found a runed translucent gate.
 45892 | Elf:1    | Found a runed translucent gate.
 45896 | Elf:1    | Found a runed translucent door.
 45903 | Elf:1    | Found a runed translucent door.
 46212 | Elf:1    | Received a gift from Trog
 46493 | Elf:1    | Found Ynlit's Assorted Antiques.
 46504 | Elf:1    | Bought a scroll labelled OBLUCHASOWK for 20 gold pieces
 46507 | Elf:1    | Acquired a manual of Evocations
 46991 | Elf:2    | Found a runed translucent gate.
 46991 | Elf:2    | Found a runed translucent gate.
 46999 | Elf:2    | Found a runed translucent gate.
 47245 | Elf:2    | Found Zoyma Bui's Elven Fire.
 47385 | Elf:2    | Found a runed translucent door.
 47390 | Elf:2    | Found a shimmering altar of Xom.
 47390 | Elf:2    | Noticed slugheadthewise's ghost (adept MiFi)
 47391 | Elf:2    | Found the +3 hat of Pondering {ponderous, Will+ MP+10
                  | Int+5}
 47412 | Elf:2    | Killed slugheadthewise's ghost
 47415 | Elf:2    | Identified the +7 halberd of Exquisite Death {vorpal, Int-5
                  | Dex+5}
 47515 | Elf:2    | Found Zadghach's Assorted Antiques.
 48478 | Depths:1 | Entered Level 1 of the Depths
 49236 | Depths:1 | Reached XP level 21. HP: 181/201 MP: 20/20
 49271 | Depths:1 | Received a gift from Trog
 49346 | Depths:1 | Found Weanych's Assorted Antiques.
 49574 | Depths:1 | Found a gateway to Hell.
 50031 | Depths:2 | Slain by a spark wasp

Illustrated notes

Levels and vault maps discovered:
D:1:      onia_arrival_zoo_common, layout_rooms, serial_shops,
          nicolae_shop_bloodbath_and_beyond, nicolae_shop_stone, shop, shop,
          shop, minmay_pentomino_s2
D:2:      layout_basic
D:3:      layout_basic, nicolae_qazlal_style_of_elements,
          hellmonk_ecumenical_altar_zigzags, hellmonk_ghost_happy_afterlife,
          minmay_strange_pillars, minmay_stone_trees_medium,
          minmay_diced_spiral, uniq_jessica
D:4:      minmay_spotlight, layout_cave_pools
D:5:      minmay_octagon_keep, layout_cave_pools,
          chequers_temple_overflow_statue_of_worship,
          chequers_temple_overflow_minitemple, serial_shops,
          nicolae_shop_advertising_works [nicolae_subvault_shop_adworks],
          serial_undead, serial_undead_a, serial_undead_b, serial_undead_c,
          serial_undead_c, minmay_bent
D:6:      layout_basic, minmay_temple_entry_mini_moons,
          chequers_serial_rivers_small_a, uniq_maggie, uniq_duvessa,
          uniq_sigmund
D:7:      layout_loops_ring, mainiacjoe_overflow_six_doors_small,
          serial_park_tiny_2
D:8:      layout_layer_cave, nicolae_ossuary_entry_monument, uniq_prince_ribbit1
D:9:      layout_roguey, lair_entry_dummy, kennysheep_kite_vault
D:10:     layout_basic, mainiacjoe_overflow_brackets, zombieorc2_lemuel,
          special_room [special_room_bee], chequers_jeans
D:11:     layout_irregular_city
D:12:     layout_gridville, serial_shops, nicolae_shop_trees, moated_statue
D:13:     layout_loops_ring, minmay_guarded_unrand_staff_of_olgreb
D:14:     layout_basic, david_vaults_4, serial_shops, shop_statue,
          fedhas_altar_3, xom_teletrap_fun
D:15:     grunt_enter_depths_giant_problem, layout_loops_corners,
          nemelex_spade_bored_becter, uniq_agnes, uniq_roxanne, uniq_azrael
Temple:   nicolae_temple_x_marks_the_god
Lair:1:   layout_gridlike
Lair:2:   layout_long_grid, basic_altar, grunt_megastairs_1
Lair:3:   layout_roguey, minmay_swamp_entry_reptiles, beast_lair_carwin_7,
          uniq_snorg
Lair:4:   minmay_lair_oklob_chamber, layout_loops_ring,
          guppyfry_snake_entry_island, gammafunk_ghost_hive,
          nicolae_volcano_entry_vermiform, basic_altar,
          chequers_serial_rivers_small_a, lemuel_fruit_tree,
          lemuel_fruit_fields, uniq_sonja
Lair:5:   hellmonk_destroyed_diamonds, layout_small_grid,
          minmay_slime_entry_oklob_enclosed, serial_bayou_shore_b,
          infiniplex_staircase_pool
Lair:6:   minmay_lair_end_enchanted_forest, layout_cave_pods,
          serial_bayou_shore_b, uniq_kirke
Swamp:1:  layout_basic_swamp, nicolae_swamp_tree_isthmus
Swamp:2:  layout_basic_swamp, hangedman_swamp_ruin_wall, swamp_pool1,
          uniq_mlioglotl
Swamp:3:  layout_falls_marsh, evilmike_swamp_ruin_rubble_2
Swamp:4:  grunt_swamp_rune_castle, layout_basic_swamp
Snake:1:  gammafunk_its_a_trap, layout_gridlike, grunt_ministairs_6
Snake:2:  layout_layer_cave, basic_altar, minmay_shoptagon
Snake:3:  layout_basic, uniq_vashnia
Snake:4:  hellmonk_snake_rune_quicksilver_temple, layout_misc_corridors,
          uniq_aizul
Orc:1:    layout_caves, roderic_batcave, uniq_jorgrun
Orc:2:    st_orc_town, layout_diamond_mine, serial_shops, shop_statue
Elf:1:    nicolae_elf_arrival_dilemma, layout_geoelf_grid, serial_shops,
          shop_fountains, minmay_elf_sorcery, lemuel_flamethrower_2
Elf:2:    elven_hall_of_blades_hangedman_original [nicolae_blade_lattice],
          layout_loops_cross, ebering_ghost_xom, serial_shops,
          nicolae_shop_statue_plus, guppyfry_elf_lava
Vaults:1: v_misc_2, grunt_vaults_trifunnel, v_pattern_2, v_misc_14,
          hangedman_vaults_impose, vaults_dpeg_encased_lava,
          nicolae_vaults_rhombus_6, layout_vaults_omnigrid,
          nicolae_trove_entry_isolated
Vaults:2: minmay_crypt_entry_necro_gods, vaults_room_large_hall,
          vaults_dpeg_ring, hangedman_vaults_nails, st_lattice,
          grunt_vaults_focal, v_misc_22, v_misc_17, v_alt_pattern_6,
          ontoclasm_vaults_gateway, dpeg_vaults_monster_row, vaults_dpeg_spiral,
          v_alt_pattern_2, v_alt_pattern_2, layout_vaults_maze, serial_shops,
          nicolae_shop_crystal, uniq_margery, uniq_asterion
Vaults:3: v_alt_pattern_5, nicolae_vaults_display_case,
          nicolae_vaults_rhombus_7, nicolae_vaults_ring_of_whatevers, v_misc_14,
          nicolae_vaults_mini_display_case, dpeg_vaults_monster_box,
          vaults_mumra_minichess, ontoclasm_vaults_loading_screen,
          layout_vaults_big_room, serial_shops, shop, shop
Vaults:4: vaults_room_fours, vaults_mumra_hexcomb, hangedman_vaults_capsules,
          vaults_mumra_chevron, serial_ice_m, nicolae_vaults_big_ls,
          vaults_room_fours, vaults_room_pools,
          vaults_standard_mumra_enter_the_diamond, ontoclasm_vaults_hangar,
          nicolae_vaults_theta, nicolae_vaults_asterisk,
          grunt_vaults_hallway_long, vaults_room_grid,
          nicolae_vaults_little_squares_4, vaults_room_stairs_pillars,
          layout_vaults_ring
Depths:1: layout_basic, minmay_misc_feat_encased, hangedman_geh_valley,
          serial_shops, kennysheep_mini_moat, bh_walls_and_bars
Depths:2: minmay_tri_box, layout_cave_shapes, enter_ziggurat_c,
          grunt_pan_entry_sceptre, serial_shops, shop, hangedman_coc_ice_floe,
          minmay_misc_feat_square, hangedman_summoners_spam

Skill      XL: |  1  2  3  4  5  6  7  8  9 10 11 12 13 14 15 16 17 18 19 20 21 |
---------------+----------------------------------------------------------------+-----
Axes           | 4 5 6 8 9 11 14 17 19 20 22 23 24 25 | 25.2
Armour         | 7 11 14 17 18 19 20 21 22 23 | 23.0
Fighting       | 6 9 11 13 15 16 17 18 19 20 | 20.4
Dodging        | 5 7 9 11 13 14 15 16 17 18 | 18.7
Evocations     | 5 7 8 10 12 | 12.8

Action                   |  1- 3 |  4- 6 |  7- 9 | 10-12 | 13-15 | 16-18 | 19-21 || total
-------------------------+-------+-------+-------+-------+-------+-------+-------++-------
Melee: Hand axe          |    69 |   141 |   177 |       |       |       |       ||   387
       Headbutt          |     6 |    19 |    56 |    88 |   197 |   215 |   162 ||   743
       Punch             |     2 |       |     4 |       |       |       |       ||     6
       Battleaxe         |       |       |   115 |   498 |   948 |   147 |       ||  1708
       Executioner's axe |       |       |       |       |       |   833 |   780 ||  1613
Invok: Berserk           |       |     4 |     5 |    11 |    16 |     4 |     3 ||    43
       Trog's Hand       |       |     2 |     3 |     8 |    15 |    10 |     9 ||    47
       Brothers in Arms  |       |       |       |     2 |     6 |     9 |     3 ||    20
  Use: Potion            |       |     3 |     2 |     1 |    13 |    14 |     2 ||    35
       Scroll            |       |       |     9 |     1 |    17 |     7 |     6 ||    40
 Stab: Sleeping          |       |     1 |       |       |       |       |       ||     1
       Distracted        |       |       |       |       |       |     1 |       ||     1
Armor: Animal skin       |     9 |    11 |       |       |       |       |       ||    20
       Chain mail        |       |    12 |    85 |    23 |       |       |       ||   120
       Ring mail         |       |     2 |       |       |       |       |       ||     2
       Plate armour      |       |       |       |   228 |   463 |   612 |   295 ||  1598
Dodge: Dodged            |    35 |    70 |    79 |   164 |   350 |   608 |   276 ||  1582
Block: Other             |       |     7 |    46 |   102 |   144 |   216 |    94 ||   609
       Reflection        |       |     1 |     1 |     5 |     5 |    16 |     4 ||    32
